 Dungeon Crawl Stone Soup version 0.30-a0-125-g51eefa89be (webtiles) character file.

Game seed: 1864545504489924754

432 juncz the Magician (level 7, -3/49 HPs)
             Began as a Djinni Conjurer on Sept 18, 2022.
             Slain by Ijyb
             ... wielding a +3 club
              (5 damage)
             ... on level 4 of the Dungeon.
             The game lasted 00:11:23 (5209 turns).

juncz the Magician (Djinni Conjurer)                Turns: 5209, Time: 00:11:24

Health: -3/49      AC:  3    Str: 12    XL:     7   Next: 20%
Gold:   164        EV: 13    Int: 22    God:
                   SH:  0    Dex: 11

rFire   + + .      SeeInvis .    g - +0 falchion (elec)
rCold   x . .      Faith    .    (no shield)
rNeg    . . .      Spirit   .    a - +0 robe
rPois   ∞          Reflect  .    e - +0 helmet
rElec   .          Harm     .    (no cloak)
rCorr   .          Rampage  .    (no gloves)
Will    .....                    (boots unavailable)
Stlth   ++........               (no amulet)
HPRegen 0.16/turn                k - +6 ring of strength
MPRegen 0.00/turn                (no ring)

@: flying
A: sickness immunity, fire resistance 2, cold vulnerability 1, float, innate
caster, HP casting, extra vitality 1
a: no special abilities


You were on level 4 of the Dungeon.
You visited 1 branch of the dungeon, and saw 4 of its levels.

You collected 164 gold pieces.

Inventory:

Hand Weapons
 d - a +0 dagger
 g - a +0 falchion of electrocution (weapon)
Armour
 a - a +0 robe (worn)
 e - a +0 helmet (worn)
Jewellery
 k - a +6 ring of strength (left hand)
 s - a +6 ring of strength
 w - an amulet of faith
Scrolls
 c - a scroll of poison
 f - 2 scrolls of immolation
 m - 2 scrolls of fear
 n - a scroll of enchant weapon
 o - 3 scrolls of magic mapping {unknown}
 p - a scroll of noise {unknown}
 q - 3 scrolls of enchant armour {unknown}
 u - a scroll of summoning {unknown}
 x - 3 scrolls of blinking {unknown}
Potions
 b - 3 potions of flight {unknown}
 h - a potion of mutation {unknown}
 i - a potion of heal wounds {unknown}
 j - a potion of brilliance {unknown}
 l - 3 potions of attraction {unknown}
 r - 2 potions of curing {unknown}
 t - 2 potions of degeneration {unknown}
 v - a potion of ambrosia {unknown}


   Skills:
 + Level 2.8 Fighting
 - Level 4.0 Dodging
 - Level 3.1 Stealth
 + Level 4.7 Spellcasting


You couldn't memorise any spells.
You knew the following spells:

 Your Spells              Type           Power      Damage    Failure   Level
a - Magic Dart            Conj           100%       1d8       1%          1
b - Searing Ray           Conj           52%        2d6       2%          2
c - Dazzling Flash        Conj/Hex       52%        N/A       4%          3
d - Fulminant Prism       Conj/Hex       13%        3d9       14%         4
e - Iskenderun's Mystic   Conj/Tloc      26%        2d7       14%         4
f - Sandblast             Erth           52%        2d12      1%          1
g - Wereblood             Tmut           26%        N/A       2%          2
h - Blink                 Tloc           52%        N/A       2%          2
Your spell library was empty.

Dungeon Overview and Level Annotations

Branches:
Dungeon (4/15)
 Temple: D:4-7

Altars:
Wu Jian

Annotations:
D:3 1 runed translucent door, Crazy Yiuf
D:4 Ijyb


Innate Abilities, Weirdness & Mutations

You are immune to sickness and miasma.
You are immune to poison.
Your flesh is very heat resistant. (rF++)
You are vulnerable to cold. (rC-)
You float through the air rather than walking.
You learn spells naturally, not from books.
Your magical power is your life essence.
You have superior vitality. (+4 MHP)


Message History

* * * LOW HITPOINT WARNING * * *
Casting: Sandblast (safe; 1% risk of failure)
Confirm with . or Enter, or press ? or * to list all spells.
Aiming: Sandblast (safe; 1% risk of failure)
Press: ? - help, Shift-Dir - straight line, f/p - Ijyb
Aim: Ijyb, wielding a +3 club, wearing a +0 ring mail and carrying a wand of iceblast (8) (moderately wounded, 81% to hit)
The blast of sand hits Ijyb!
Ijyb is severely wounded.
* * * LOW HITPOINT WARNING * * *
Ijyb closely misses you.
Casting: Sandblast (safe; 1% risk of failure)
Confirm with . or Enter, or press ? or * to list all spells.
Aiming: Sandblast (safe; 1% risk of failure)
Press: ? - help, Shift-Dir - straight line, f/p - Ijyb
Aim: Ijyb, wielding a +3 club, wearing a +0 ring mail and carrying a wand of iceblast (8) (severely wounded, 81% to hit)
The blast of sand hits Ijyb but does no damage.
Ijyb is severely wounded.
* * * LOW HITPOINT WARNING * * *
Ijyb misses you. Ijyb hits you with a +3 club.
* * * LOW HITPOINT WARNING * * *
Casting: Sandblast (safe; 1% risk of failure)
Confirm with . or Enter, or press ? or * to list all spells.
Aiming: Sandblast (safe; 1% risk of failure)
Press: ? - help, Shift-Dir - straight line, f/p - Ijyb
Aim: Ijyb, wielding a +3 club, wearing a +0 ring mail and carrying a wand of iceblast (8) (severely wounded, 81% to hit)
The blast of sand hits Ijyb but does no damage.
Ijyb is severely wounded.
* * * LOW HITPOINT WARNING * * *
Ijyb hits you with a +3 club.
* * * LOW HITPOINT WARNING * * *
Casting: Sandblast (safe; 1% risk of failure)
Confirm with . or Enter, or press ? or * to list all spells.
Aiming: Magic Dart (safe; 1% risk of failure)
Press: ? - help, Shift-Dir - straight line, f/p - Ijyb
Aim: Ijyb, wielding a +3 club, wearing a +0 ring mail and carrying a wand of iceblast (8) (severely wounded, 100% to hit)
The magic dart hits Ijyb.
Ijyb is almost dead.
* * * LOW HITPOINT WARNING * * *
Ijyb hits you with a +3 club.
You die...

###..........#
#......#######
#......#
#......#
#......# +#
##...$..# ..#
........# ...#
........#....#
.......@g....#
........#....#
........# ...#
........# ###
........#
........#
........#
........#


You could see Ijyb.

Vanquished Creatures
  A necrophage (D:4)
  A scorpion (D:3)
  Terence (D:3)
  Natasha (thrice) (D:3)
  Robin (D:3)
  10 adders
  5 dart slugs
  7 orcs
  8 bats
  9 endoplasms
  5 giant cockroaches
  13 goblins
  6 hobgoblins
  5 jackals (D:1)
  7 kobolds
  3 quokkas
  3 ball pythons
  5 frilled lizards
  5 rats
98 creatures vanquished.

Notes
Turn   | Place    | Note
-------+----------+-------------------------------------------
     0 | D:1      | juncz the Djinni Conjurer began the quest for the Orb.
     0 | D:1      | juncz set off with the following spells memorised: Magic
                  | Dart, Searing Ray, Dazzling Flash, Fulminant Prism,
                  | Iskenderun's Mystic Blast.
     0 | D:1      | Reached XP level 1. HP: 15/15 MP: 0/0
   283 | D:1      | Reached XP level 2. HP: 19/21 MP: 0/0
   844 | D:1      | Reached XP level 3. HP: 16/25 MP: 0/0
   844 | D:1      | Learned a level 1 spell: Sandblast
  2269 | D:2      | Reached XP level 4. HP: 28/31 MP: 0/0
  3248 | D:3      | Noticed Terence
  3254 | D:3      | Reached XP level 5. HP: 26/35 MP: 0/0
  3254 | D:3      | Learned a level 2 spell: Wereblood
  3259 | D:3      | Killed Terence
  3565 | D:3      | Noticed Natasha
  3576 | D:3      | Killed Natasha
  3579 | D:3      | Noticed Natasha
  3585 | D:3      | Killed Natasha
  3772 | D:3      | Reached skill level 1 in Fighting
  3772 | D:3      | Reached XP level 6. HP: 37/42 MP: 0/0
  3778 | D:3      | Noticed Natasha
  3781 | D:3      | Killed Natasha
  4231 | D:3      | Found a faded altar of an unknown god.
  4318 | D:3      | Noticed Robin
  4323 | D:3      | Killed Robin
  4650 | D:3      | Found a runed translucent door.
  4651 | D:3      | Noticed Crazy Yiuf
  4989 | D:4      | Reached XP level 7. HP: 39/49 MP: 0/0
  4989 | D:4      | Learned a level 2 spell: Blink
  5053 | D:4      | Found an ornate altar of the Wu Jian Council.
  5199 | D:4      | Noticed Ijyb
  5209 | D:4      | Slain by Ijyb

Illustrated notes

Levels and vault maps discovered:
D:1:      nagdon_arrival_zigzag_paths, layout_basic, minmay_quantized
D:2:      minmay_spotlight, layout_loops_ring
D:3:      layout_basic, old_standard_altar,
          chequers_ecumenical_altar_simple_redux, uniq_natasha, uniq_terence,
          uniq_crazy_yiuf_cottage, uniq_robin
D:4:      layout_gridville, mainiacjoe_overflow_concentric_impassable,
          cheibrodos_sewer_entry_sluice, uniq_ijyb

Skill      XL: |  1  2  3  4  5  6 |
---------------+-------------------+-----
Stealth        | 2 3 |  3.1
Dodging        | 3 4 |  4.0
Spellcasting   | 4 |  4.7
Fighting       | 1 2 |  2.8

Action                   |  1- 3 |  4- 6 |  7- 9 || total
-------------------------+-------+-------+-------++-------
 Cast: Magic Dart        |    66 |    75 |    15 ||   156
       Sandblast         |    15 |    42 |    14 ||    71
  Use: Scroll            |     3 |       |     1 ||     4
Armor: Robe              |     2 |     4 |       ||     6
Dodge: Dodged            |     2 |     9 |    12 ||    23

Table legend: (Time is in decaauts)
 A = Elapsed time spent in this place.
 B = Non-inter-level travel time spent in this place.
 C = Inter-level travel time spent in this place.
 D = Time resting spent in this place.
 E = Time spent auto-exploring this place.
 F = Levels seen in this place.
 G = Mean time per level.
                   A        B        C        D        E       F      G
               +--------+--------+--------+--------+--------+-----+--------+
         Total |   5242 |   5073 |    169 |   1306 |   3175 |   4 | 1310.5 |
       Dungeon |   5242 |   5073 |    169 |   1306 |   3175 |   4 | 1310.5 |
               +--------+--------+--------+--------+--------+-----+--------+

Top non-repeatable levels by time:
     D:1: 2255 daAuts
     D:3: 1714 daAuts
     D:2: 1000 daAuts
     D:4: 271 daAuts
